 Dungeon Crawl Stone Soup version 0.31.0-11-ge490571c62 (webtiles) character file.

Game seed: 15009702516200703211

26617 MollyMolluskus the Brawler (level 13, 0/98 HPs)
             Began as an Octopode Fighter on Jan 28, 2024.
             Was a High Priest of Wu Jian.
             Succumbed to poison (dark miasma)
             ... in a Gauntlet.
             The game lasted 00:43:29 (12775 turns).

MollyMolluskus the Brawler (Octopode Fighter)      Turns: 12775, Time: 00:43:29

Health: 0/98       AC:  4    Str: 19    XL:     13   Next: 27%
Magic:  13/13      EV: 19    Int: 11    God:    Wu Jian [*****.]
Gold:   1303       SH:  9    Dex: 12    Spells: 12/12 levels left

rFire   x .          .
                       - Unarmed
rCold   + + .        H - +1 kite shield {AC+3}
rNeg    + . .        (helmet restricted)
rPois   .            t - amulet of regeneration
rElec   .            g - ring of protection from fire
rCorr   .            h - ring of willpower
SInv    .            p - +5 ring of evasion
Will    +....        C - ring of positive energy
Stlth   +++          D - ring of flight
HPRegen 1.16/turn    o - ring of ice
MPRegen 0.13/turn    F - ring of ice
                     (no ring)

%: no teleportation
@: lethally poisoned (0 -> -37), flying, invisible
A: almost no armour, amphibious, 8 rings, camouflage 1, gelatinous body 1,
(nimble swimmer 1), tentacles
a: Renounce Religion, Wall Jump, Serpent's Lash, Heavenly Storm


You were in a Gauntlet.
You worshipped Wu Jian.
Wu Jian was extremely pleased with you.
You visited 3 branches of the dungeon, and saw 16 of its levels.
You also visited: Gauntlet.

You collected 1303 gold pieces.

Inventory:

Missiles
 i - 4 javelins
 l - 114 poisoned darts
 q - 10 boomerangs
 s - 2 throwing nets
 y - 4 curare-tipped darts (quivered)
Armour
 H - a +1 kite shield of protection (worn)
Jewellery
 a - a ring of magical power
 g - a ring of protection from fire (left tentacle)
 h - a ring of willpower (right tentacle)
 o - a ring of ice (on tentacle)
 p - a +5 ring of evasion (on tentacle)
 t - an amulet of regeneration (around mantle)
 C - a ring of positive energy (on tentacle)
 D - a ring of flight (on tentacle)
 F - a ring of ice (on tentacle)
Wands
 b - a wand of light (12)
 j - a wand of mindburst (14)
 u - a wand of flame (18)
 w - a wand of paralysis (4)
 E - a wand of polymorph (6)
Scrolls
 c - 4 scrolls of teleportation
 f - 2 scrolls of immolation
 k - a scroll of blinking
 r - 4 scrolls of identify
 x - a scroll of revelation
 z - 3 scrolls of fog
 A - a scroll of summoning
Potions
 d - 4 potions of haste
 e - 3 potions of mutation
 m - 6 potions of enlightenment
 n - 3 potions of attraction
 v - 3 potions of cancellation
 B - a potion of ambrosia


   Skills:
 + Level 12.5 Fighting
 - Level 8.0 Dodging
 - Level 4.0 Stealth
 + Level 3.3 Shields
 * Level 16.7 Unarmed Combat


You had 12 spell levels left.
You didn't know any spells.
Your spell library contained the following spells:

 Spells                   Type           Power      Damage    Failure   Level
 Magic Dart               Conj           0%         1d3       65%         1
 Necrotise                Necr           0%         1d4       65%         1
 Ensorcelled Hibernation  Hex/Ice        0%         N/A       80%         2
 Searing Ray              Conj           0%         2d4       80%         2
 Dazzling Flash           Conj/Hex       0%         N/A       95%         3
 Fugue of the Fallen      Necr           0%         N/A       95%         3
 Mephitic Cloud           Conj/Alch/Air  0%         N/A       95%         3
 Ozocubu's Armour         Ice            0%         N/A       95%         3
 Vampiric Draining        Necr           0%         2d6       95%         3
 Anguish                  Hex/Necr       0%         N/A       100%        4
 Fulminant Prism          Conj/Alch      0%         3d5       100%        4
 Manifold Assault         Tloc           0%         N/A       100%        4
 Martyr's Knell           Necr/Summ      0%         N/A       100%        4
 Summon Lightning Spire   Summ/Air       0%         N/A       100%        4
 Curse of Agony           Necr           0%         N/A       100%        5
 Lee's Rapid Deconstruct  Erth           0%         3d4*      100%        5
 Silence                  Hex/Air        0%         N/A       100%        5
 Conjure Ball Lightning   Conj/Air       0%         3x3d6     100%        6
 Discord                  Hex            0%         N/A       100%        8
 Disjunction              Tloc           0%         N/A       100%        8
 Animate Armour           Summ/Erth      Unusable   N/A       N/A         4

Dungeon Overview and Level Annotations

Branches:
Dungeon (13/15)            Temple (1/1) D:6            Lair (2/5) D:8
    Orc (0/2) D:12        Gauntlet (1/1)
  Swamp: Lair:2-3    Shoals: Lair:2-3     Snake: Lair:2-3    Spider: Lair:2-3
 Vaults: D:13-14

Altars:
Ashenzari
Cheibriados
Dithmenos
Elyvilon
Fedhas
Gozag
Hepliaklqana
Kikubaaqudgha
Makhleb
Nemelex Xobeh
Okawaru
Qazlal
Ru
Sif Muna
Trog
Uskayaw
Vehumet
Wu Jian
Xom
Yredelemnul
Zin
The Shining One

Shops:
D:9 [

Annotations:
Gauntlet 7 transporters


Innate Abilities, Weirdness & Mutations

You cannot wear most types of armour.
You are amphibious.
You can wear up to eight rings at the same time.
Your skin changes colour to match your surroundings (Stealth+).
Your rubbery body absorbs attacks. (AC +1, EV +1)
((You are camouflaged when in or above water. (Stealth+)))
You have tentacles for arms and can constrict up to eight enemies at once.


Message History

Unknown command.
You miss the death drake.
Your tentacle-slap misses the death drake.
You squeeze the death drake.
The death drake is heavily wounded.
You are engulfed in dark miasma.
You are poisoned.
You feel very sick. The death drake misses you.
You tentacle-slap the death drake. Your squeeze misses the death drake.
The death drake is heavily wounded.
You are engulfed in dark miasma.
You are more poisoned.
You feel extremely sick. The death drake bites you!
Unknown command.
Unknown command.
You bludgeon the death drake!
You tentacle-slap the death drake, but do no damage.
You squeeze the death drake!
The death drake is almost dead.
You are engulfed in dark miasma.
You are more poisoned.
You feel extremely sick. The death drake barely misses you.
Unknown command.
You bludgeon the death drake!
You kill the death drake!
The Council accepts your kill.
You are engulfed in dark miasma.
You are lethally poisoned!
* * * LOW HITPOINT WARNING * * *
You feel extremely sick.
The spectral centaur warrior closely misses you.
You block the spectral centaur warrior's attack.
Your life force feels restored.
Okay, then.
* * * LOW HITPOINT WARNING * * *
You feel extremely sick.
You fade into invisibility!
You die...

#..#..##.?(####..#
≈..##..##..#..#..≈
#.©###.©##©#©.#..# §.#.©
≈..#.##..###..#..≈### ..#..#
#..#..##..##..#..##≈##..#..#.
≈..#Dh.....#..#.........#..#.
#..#########..#.........#..##
...........#..###########..#.
...#########..##@#.#^#.##..##
.∩.#.......#..#.#Z##..#^#..#5
...#..####.#..#.##ZZ..)#
...#.#.....#..##.#.©###.#..##
.8©#.#.©####©©###.####.©#©©#.
...#.#.#..5#..#..^.####=#..#.
...#.#.#})##..##.#.#.##!#..#.
.∩.#.53#.#©#..#.#.#^.. ^#..#.
...#########..#.####.#.^#..##


You could see 2 spectral centaur warriors, an ufetubus (unable to see you) and a
centaur warrior zombie (unable to see you).

Vanquished Creatures
  3 two-headed ogres
  Erica (D:10)
  A death drake (Gauntlet)
  Lodul (D:10)
  Pikel (D:7)
  2 deep elf pyromancers (D:12)
  2 ugly things (D:12)
  Maurice (D:10)
  An ice statue (Gauntlet)
  A black mamba (Lair:1)
  2 cane toads (Lair:1)
  Maggie (D:8)
  An unseen horror (D:12)
  3 rime drakes
  6 komodo dragons
  2 kobold demonologists
  A troll (D:12)
  Grinder (D:6)
  12 blink frogs
  11 slime creatures
  3 shadows
  A wyvern (D:8)
  3 wraiths
  21 yaks
  2 steam dragons
  9 vampire mosquitoes
  2 water moccasins
  An acid dragon (D:12)
  2 orc warriors (D:9)
  A black bear (D:4)
  An ice beast (D:6)
  A sky beast (D:6)
  10 ogres
  4 centaurs
  4 lemures (D:7)
  23 kobold brigands
  A phantom (D:4)
  8 bullfrogs
  2 scorpions
  2 gnoll sergeants
  11 wights
  3 killer bees (D:10)
  7 electric eels (D:8)
  A bombardier beetle (D:6)
  A gnoll bouda (D:6)
  3 orc priests
  3 hounds
  4 jellies
  3 sleepcaps
  Ijyb (D:3)
  3 iguanas
  7 orc wizards
  17 gnolls
  7 adders
  A shadow imp (D:7)
  3 dart slugs
  5 ribbon worms
  23 orcs
  5 endoplasms
  8 giant cockroaches
  5 goblins
  7 hobgoblins
  7 jackals
  3 quokkas
  8 ball pythons
  2 bats
  10 frilled lizards
  40 kobolds
  8 rats
361 creatures vanquished.

Notes
Turn   | Place    | Note
-------+----------+-------------------------------------------
     0 | D:1      | MollyMolluskus the Octopode Fighter began the quest for the
                  | Orb.
     0 | D:1      | Reached XP level 1. HP: 16/16 MP: 1/1
   134 | D:1      | Reached XP level 2. HP: 21/21 MP: 2/2
   436 | D:1      | Reached skill level 3 in Unarmed Combat
   436 | D:1      | Reached XP level 3. HP: 26/26 MP: 3/3
  1272 | D:2      | Reached XP level 4. HP: 29/33 MP: 4/4
  1418 | D:2      | Found a white marble altar of Elyvilon.
  1930 | D:3      | Reached skill level 4 in Unarmed Combat
  1970 | D:3      | You fall into a shaft and drop 2 floors!
  1970 | D:5      | Entered Level 5 of the Dungeon
  1976 | D:5      | Noticed a centaur
  1986 | D:5      | Killed a centaur
  1987 | D:5      | Reached skill level 1 in Stealth
  1987 | D:5      | Reached XP level 5. HP: 13/37 MP: 5/5
  2134 | D:5      | Reached XP level 6. HP: 8/43 MP: 6/6
  2397 | D:3      | Noticed Ijyb
  2412 | D:3      | Killed Ijyb
  3298 | D:4      | Reached skill level 5 in Unarmed Combat
  3324 | D:4      | Noticed a black bear
  3334 | D:4      | Killed a black bear
  3335 | D:4      | Reached XP level 7. HP: 34/49 MP: 7/7
  4121 | D:5      | Reached skill level 5 in Fighting
  4121 | D:5      | Reached skill level 6 in Unarmed Combat
  4356 | D:5      | Reached XP level 8. HP: 54/55 MP: 8/8
  5062 | D:6      | Found a staircase to the Ecumenical Temple.
  5072 | Temple   | Entered the Ecumenical Temple
  5087 | Temple   | Became a worshipper of the Wu Jian Council
  5138 | D:6      | Reached skill level 5 in Dodging
  5138 | D:6      | Reached skill level 7 in Unarmed Combat
  5826 | D:6      | Reached skill level 8 in Unarmed Combat
  5826 | D:6      | Reached XP level 9. HP: 62/62 MP: 9/9
  5983 | D:6      | Noticed Grinder
  5990 | D:6      | Killed Grinder
  5990 | D:6      | Reached * piety under Wu Jian
  6098 | D:7      | Found the +5 robe of Misfortune {Harm *Corrode *Slow EV+5}
  6487 | D:7      | Noticed Pikel
  6561 | D:7      | Killed Pikel
  6562 | D:7      | Reached skill level 9 in Unarmed Combat
  6774 | D:7      | Found a bloodstained altar of Trog.
  7188 | D:8      | Found a staircase to the Lair.
  7188 | D:8      | Noticed Maggie
  7197 | D:8      | Killed Maggie
  7198 | D:8      | Reached skill level 10 in Unarmed Combat
  7198 | D:8      | Reached XP level 10. HP: 49/71 MP: 10/10
  7423 | D:8      | Identified the +0 chain mail "Poamy" {rC+ Str+4}
  7786 | D:9      | Noticed a kobold demonologist
  7794 | D:9      | Reached ** piety under Wu Jian
  7798 | D:9      | Killed a kobold demonologist
  7807 | D:9      | Reached skill level 11 in Unarmed Combat
  7883 | D:9      | Reached XP level 11. HP: 56/78 MP: 11/11
  7917 | D:9      | Reached skill level 12 in Unarmed Combat
  8101 | D:9      | Noticed a two-headed ogre
  8112 | D:9      | Killed a two-headed ogre
  8330 | D:9      | Found Tipn's Armour Shoppe.
  8486 | D:9      | Noticed a two-headed ogre
  8495 | D:9      | Killed a two-headed ogre
  8495 | D:9      | Reached *** piety under Wu Jian
  8764 | D:10     | Entered Level 10 of the Dungeon
  8845 | D:10     | Noticed Erica
  8852 | D:10     | Killed Erica
  8852 | D:10     | HP: 2/80 [poisoned by Erica (bolt of poison)]
  8853 | D:10     | Reached skill level 13 in Unarmed Combat
  9025 | D:10     | Noticed Maurice
  9226 | D:10     | Noticed Lodul
  9233 | D:10     | Reached skill level 10 in Fighting
  9242 | D:10     | Killed Lodul
  9462 | D:10     | Maurice stole 11 boomerangs
  9463 | D:10     | Killed Maurice
  9623 | D:10     | Reached skill level 14 in Unarmed Combat
  9717 | D:11     | Found a glowing golden altar of the Shining One.
  9766 | D:11     | Reached XP level 12. HP: 66/88 MP: 12/12
  9940 | D:11     | Reached **** piety under Wu Jian
 10394 | D:12     | Noticed a two-headed ogre
 10400 | D:12     | Killed a two-headed ogre
 10538 | D:12     | Found a staircase to the Orcish Mines.
 10941 | D:12     | Reached skill level 15 in Unarmed Combat
 11319 | D:13     | Found an iron altar of Okawaru.
 11480 | Lair:1   | Entered Level 1 of the Lair of Beasts
 11704 | Lair:1   | Reached ***** piety under Wu Jian
 11747 | Lair:1   | Reached skill level 16 in Unarmed Combat
 11762 | Lair:1   | Reached XP level 13. HP: 59/97 MP: 13/13
 12548 | Lair:2   | Found a gate leading to a gauntlet.
 12568 | Gauntlet | Entered a Gauntlet
 12568 | Gauntlet | Found a transporter.
 12568 | Gauntlet | Found a transporter.
 12573 | Gauntlet | Found a transporter.
 12595 | Gauntlet | Found a transporter.
 12616 | Gauntlet | Found a runed translucent door.
 12618 | Gauntlet | Found a transporter.
 12620 | Gauntlet | Found a runed translucent door.
 12625 | Gauntlet | Found a transporter.
 12625 | Gauntlet | Found a transporter.
 12761 | Gauntlet | Found a transporter.
 12761 | Gauntlet | Found a transporter.
 12762 | Gauntlet | Found a transporter.
 12775 | Gauntlet | Succumbed to poison (dark miasma)

Illustrated notes

Levels and vault maps discovered:
D:1:      amcnicky_arrival_flooded_fountain, layout_basic, serial_forest,
          infiniplex_forest_corner_2, infiniplex_forest_clump_large,
          infiniplex_forest_diagonal, infiniplex_forest_corner_1,
          infiniplex_forest_3_way, minmay_octomino_j4
D:2:      layout_loops_cross, basic_altar
D:3:      layout_loops_ring, glass_columns_c, kennysheep_generic_room_14,
          uniq_ijyb
D:4:      layout_basic, hex_large
D:5:      layout_basic
D:6:      layout_basic, minmay_temple_entry_arrows, uniq_grinder
D:7:      layout_basic, old_standard_altar, minmay_misc_feat_room,
          hex_intersection, minmay_misc_feat_tower, uniq_pikel
D:8:      layout_cave_pools, lair_entry_dummy, serial_bayou,
          serial_bayou_lake_a, serial_bayou_lagoon_b, serial_bayou_shore_b,
          serial_bayou_ford_a, uniq_maggie
D:9:      layout_loops_cross, serial_shops, nicolae_shop_window_shopping,
          special_room [special_room_kobold], minmay_lizard_king
D:10:     layout_basic, serial_corexii_hall, chequers_hall_statues_corner_a,
          corexii_hall_statues_i, uniq_maurice, uniq_erica, uniq_lodul
D:11:     layout_gridville, tso_metal_star
D:12:     layout_irregular_city, orc_0_dummy, st_stairs_4
D:13:     layout_long_grid, hellmonk_vaults_attempted_burglary, okawaru_trees_1,
          uniq_nessos
Temple:   mainiacjoe_temple_hex_bubbles
Lair:1:   layout_small_grid, lemuel_fruit_fields, lemuel_fruit_fields
Lair:2:   layout_regular_city, gauntlet_entry_generic,
          eino_small_chamber_without_monster, serial_bayou_pond_c,
          pdpol_lair_neglected_garden, grunt_megastairs_2, lemuel_fruit_fields,
          lemuel_fruit_fields, uniq_sonja, uniq_fannar
Gauntlet: gammafunk_gauntlet_mixed_choke_point
          [minmay_gauntlet_arena_77_two_lines,
          minmay_gauntlet_arena_77_radiant_squares,
          minmay_gauntlet_arena_77_shame_cube, gammafunk_gauntlet_arena_mazey,
          minmay_gauntlet_arena_77_terracotta_army,
          minmay_gauntlet_arena_77_fan, minmay_gauntlet_arena_77_block_sizes,
          gauntlet_exit_watery]

Skill      XL: |  1  2  3  4  5  6  7  8  9 10 11 12 |
---------------+-------------------------------------+-----
Unarmed Combat | 3 4 5 6 8 10 11 14 16 | 16.7
Fighting       | 4 5 6 7 8 10 12 | 12.5
Stealth        | 1 2 3 4 |  4.0
Dodging        | 4 5 7 8 |  8.0
Shields        | |  3.3

Action                     |  1- 3 |  4- 6 |  7- 9 | 10-12 | 13-15 || total
---------------------------+-------+-------+-------+-------+-------++-------
  Melee: Unarmed           |    74 |    97 |   205 |   552 |    74 ||  1002
         Constrict         |    23 |    27 |    34 |    81 |     9 ||   174
         Tentacles         |    13 |    22 |    48 |   129 |    24 ||   236
         Punch             |     2 |     3 |    13 |    69 |    12 ||    99
  Throw: Stone             |     1 |     1 |       |       |       ||     2
         Dart              |       |     3 |       |    11 |     6 ||    20
         Javelin           |       |     1 |    11 |     5 |       ||    17
         Boomerang         |       |       |       |    12 |       ||    12
 Invoke: Serpent's Lash    |       |       |       |     1 |       ||     1
Ability: Lunge             |       |       |    26 |    74 |    12 ||   112
         Whirlwind         |       |       |     6 |    77 |    11 ||    94
         Wall Jump         |       |       |       |    15 |     1 ||    16
  Evoke: Wand              |       |       |     4 |    14 |     1 ||    19
    Use: Scroll            |     3 |    10 |     7 |     6 |     2 ||    28
         Potion            |       |     3 |     1 |     4 |     1 ||     9
   Stab: Sleeping          |     7 |     8 |    20 |    10 |       ||    45
         Invisible         |       |       |     2 |     2 |       ||     4
 Armour: Skin              |    18 |    42 |    76 |   145 |    32 ||   313
  Dodge: Dodged            |    34 |    39 |    69 |   205 |    32 ||   379
  Block: Buckler           |    14 |    22 |    32 |    75 |     6 ||   149
         Kite shield       |       |       |       |       |     6 ||     6
